 Dungeon Crawl Stone Soup version 0.28-a0-500-g121bc3e445 (webtiles) character file.

Game seed: 16701931381111247350

55 siradein the Ruffian (level 3, -1/33 HPs)
             Began as a Ghoul Monk on Sept 20, 2021.
             Slain by Terence (5 damage)
             ... on level 2 of the Dungeon.
             The game lasted 00:04:54 (2196 turns).

siradein the Ruffian (Ghoul Monk)                   Turns: 2196, Time: 00:04:54

Health: -1/33      AC:  3    Str: 14    XL:     3   Next: 93%
Magic:  2/2        EV: 12    Int:  5    God:
Gold:   89         SH:  0    Dex: 12    Spells: 2/2 levels left

rFire   . . .      SeeInvis .     - Unarmed
rCold   + . .      Faith    .   (no shield)
rNeg    + + +      Spirit   .   b - +0 leather armour
rPois   ∞          Reflect  .   (no helmet)
rElec   .          Harm     .   (no cloak)
rCorr   .          Rampage  .   (no gloves)
Will    .....                   (no boots)
Stlth   ++........              (no amulet)
HPRegen 0.00/turn               (no ring)
MPRegen 0.08/turn               (no ring)

@: inhibited regen
A: claws 1, cold resistance 1, negative energy resistance 3, inhibited
regeneration, torment resistance 2
a: no special abilities


You were on level 2 of the Dungeon.
You visited 1 branch of the dungeon, and saw 2 of its levels.

You collected 89 gold pieces.

Inventory:

Armour
 b - a +0 leather armour (worn)
Jewellery
 i - a ring of magical power
Scrolls
 a - a scroll of enchant weapon {unknown}
 c - a scroll of amnesia {unknown}
 d - 3 scrolls of identify {unknown}
 e - 3 scrolls of noise {unknown}
 h - a scroll of teleportation {unknown}
Potions
 f - a potion of might {unknown}
 g - a potion of mutation {unknown}


   Skills:
 + Level 3.8 Fighting
 + Level 1.1 Armour
 + Level 3.1 Dodging
 - Level 2.1 Stealth
 + Level 3.9 Unarmed Combat


You had 2 spell levels left.
You didn't know any spells.
Your spell library contained the following spells:

 Spells                   Type           Power      Damage    Failure   Level
 Animate Skeleton         Necr           0%         N/A       54%         1
 Pain                     Necr           0%         1d4       54%         1
 Call Canine Familiar     Summ           0%         N/A       89%         3
 Portal Projectile        Hex/Tloc       0%         N/A       89%         3
 Vampiric Draining        Necr           0%         2d6       89%         3
 Leda's Liquefaction      Hex/Erth       0%         N/A       100%        4


Dungeon Overview and Level Annotations

Branches:
Dungeon (2/15)

Altars:
Fedhas

Shops:
D:2 !

Annotations:
D:2 Terence


Innate Abilities, Weirdness & Mutations

You thrive by killing the living.
You are immune to poison.
You have sharp fingernails.
Your flesh is cold resistant. (rC+)
You are immune to negative energy. (rN+++)
You do not regenerate when monsters are visible.
You are immune to unholy pain and torment.


Message History

You scratch Terence but do no damage.
Terence is moderately wounded.
Terence hits you with a +0 short sword.
You scratch Terence.
Terence is heavily wounded.
You scratch Terence but do no damage.
Terence is heavily wounded.
Terence hits you with a +0 short sword.
You are too injured to fight recklessly!
You are too injured to fight recklessly!
You are too injured to fight recklessly!
You are too injured to fight recklessly!
You are too injured to fight recklessly!
Terence hits you with a +0 short sword. Terence barely misses you.
You barely miss Terence.
Terence is heavily wounded.
Terence hits you with a +0 short sword.
* * * LOW HITPOINT WARNING * * *
You scratch Terence but do no damage.
Terence is heavily wounded.
Terence barely misses you.
You scratch Terence.
Terence is heavily wounded.
Terence hits you with a +0 short sword.
* * * LOW HITPOINT WARNING * * *
You scratch Terence.
Terence is heavily wounded.
Terence hits you but does no damage.
You barely miss Terence.
Terence is heavily wounded.
Terence drinks a potion.
Terence is healed!
You claw Terence!
Terence is heavily wounded.
Terence hits you with a +0 short sword.
* * * LOW HITPOINT WARNING * * *
You closely miss Terence.
Terence is heavily wounded.
Terence hits you with a +0 short sword.
You die...

#.......#.....#.##.#.
#.#................#.#.
#......................
#..............###.#....
####.###..##..####.#....
..........##............
#.......#.##.#####.#....
#............#####......
#......@........##...)..
#.......@....##.##......
#............##.###.....
#............##.# #.....
########.....##.###(....
#................
#^............###
######........#
#........#


You could see Terence.

Vanquished Creatures
  2 adders (D:2)
  A worm (D:2)
  A dart slug (D:1)
  5 bats
  An endoplasm (D:1)
  4 giant cockroaches
  A goblin (D:1)
  3 hobgoblins (D:2)
  A kobold (D:1)
  2 quokkas
  5 ball pythons
  3 rats
29 creatures vanquished.

Notes
Turn   | Place    | Note
-------+----------+-------------------------------------------
     0 | D:1      | siradein the Ghoul Monk began the quest for the Orb.
     0 | D:1      | Reached XP level 1. HP: 19/19 MP: 0/0
   319 | D:1      | Reached XP level 2. HP: 26/26 MP: 1/1
  1016 | D:2      | Reached XP level 3. HP: 21/33 MP: 2/2
  1222 | D:2      | Found a blossoming altar of Fedhas.
  1243 | D:2      | Reached skill level 1 in Armour
  1246 | D:2      | Noticed Terence
  1782 | D:2      | Found Jenitas's Distillery.
  2196 | D:2      | Slain by Terence

Illustrated notes

Levels and vault maps discovered:
D:1:      dpeg_arrival_rooms_with_view, layout_loops_corners,
          chequers_hall_statues_y, corexii_item_surrounded_by_moat,
          minmay_shallow_snake_nest
D:2:      layout_basic, serial_shops, nicolae_lakefront_shop, basic_altar,
          uniq_terence

Skill      XL: |  1  2  3 |
---------------+----------+-----
Dodging        | 3 |  3.1
Armour         | 1 |  1.1
Fighting       | |  3.8
Stealth        | |  2.1
Unarmed Combat | |  3.9

Action                   || total
-------------------------++-------
Melee: Unarmed           ||   140
       Punch             ||     3
 Stab: Sleeping          ||     4
Armor: Leather armour    ||    26
       Robe              ||     1
Dodge: Dodged            ||    94

Table legend: (Time is in decaauts)
 A = Elapsed time spent in this place.
 B = Non-inter-level travel time spent in this place.
 C = Inter-level travel time spent in this place.
 D = Time resting spent in this place.
 E = Time spent auto-exploring this place.
 F = Levels seen in this place.
 G = Mean time per level.
                   A        B        C        D        E       F      G
               +--------+--------+--------+--------+--------+-----+--------+
         Total |   2187 |   2151 |     36 |    271 |   1477 |   2 | 1093.5 |
       Dungeon |   2187 |   2151 |     36 |    271 |   1477 |   2 | 1093.5 |
               +--------+--------+--------+--------+--------+-----+--------+

Top non-repeatable levels by time:
     D:1: 1323 daAuts
     D:2: 863 daAuts
